[Event "*** SCC Grand Prix: Titled Tuesday Blitz"]
[Site "Chess.com"]
[Date "2020.08.04"]
[Round "9"]
[White "ellatambien"]
[Black "mortngabriel"]
[Result "0-1"]
[WhiteElo "2339"]
[BlackElo "2426"]
[TimeControl "180+1"]
[EndTime "15:27:58 PDT"]
[Termination "mortngabriel won by checkmate"]

1. c4 e5 2. Nc3 Bb4 3. Nd5 Nc6 4. g3 Nf6 5. Bg2 O-O 6. Nf3 Re8 7. O-O Bf8 8. d3 e4 9. dxe4 Nxe4 10. Bf4 d6 11.
Nd2 Bf5 12. Nb3 a5 13. f3 Nf6 14. Bg5 Be7 15. Nxe7+ Qxe7 16. e4 Be6 17. Rc1 h6 18. Be3 Nd7 19. Nd4 Nc5 20. Re1 a4 21. Nb5 b6 22. Bf1 Ne5 23. h3 Qf6 24. f4 Nxc4 25. Bxc4 Nxe4 26. Nxc7 Nxg3 27. Nxe8 Rxe8 28. Kh2 Nf5 29. Bf2 Qxb2 30. Rc2 Qf6 31. Bxe6 fxe6 32.
Qd3 d5 33. Qf3 Rf8 34. Rce2 Re8 35. Qg4 Kh7 36. Rg1 b5 37. a3 Rf8 38. Bc5 Rc8 39.
Bb4 Rc4 40. Reg2 Re4 41. Qg6+ Qxg6 42. Rxg6 Rxf4 43. Rxe6 d4 44. Rg2 Ne3 45. Re4 Rxe4 46. Re2 Nf1+ 47. Kg2 Rxe2+ 48. Kxf1 Rh2 49. Bc5 Rxh3 50.
Bxd4 Rxa3 51. Bc5 Rb3 52. Bb4 a3 53. Ke2 a2 54. Kd2 a1=Q 55. Kc2 Qa2+ 56. Kc1 Rb1# 0-1

[Event "*** SCC Grand Prix: Titled Tuesday Blitz"]
[Site "Chess.com"]
[Date "2020.08.04"]
[Round "9"]
[White "DenLaz"]
[Black "VincentKeymer"]
[Result "0-1"]
[WhiteElo "2721"]
[BlackElo "2879"]
[TimeControl "180+1"]
[EndTime "15:28:01 PDT"]
[Termination "VincentKeymer won by checkmate"]

1. d4 c6 2. c4 d5 3. Nf3 Nf6 4. Qc2 dxc4 5. Qxc4 Bg4 6. Nbd2 Nbd7 7. g3 e6 8. Bg2 Be7 9. O-O O-O 10. b3 a5 11.
a3 Rc8 12. Bb2 b5 13. Qc2 Qb6 14. Rfc1 Rfd8 15. Qd1 h6 16. Qf1 Bf5 17. e3 Bh7 18. a4 Bb4 19. Bc3 Nd5 20. Bxb4 Nxb4 21. Ne1 e5 22. Ndf3 e4 23. Nd2 Nf6 24. Rc5 Nd7 25. Rcc1 f5 26. Nb1 bxa4 27. Rxa4 c5 28. Nd2 cxd4 29.
Rxc8 Rxc8 30. Nc4 Qb8 31. exd4 Nc6 32. d5 Nd4 33. Nxa5 Nxb3 34. Nc6 Qd6 35. Qa6 Re8 36. Rb4 Nbc5 37. Qc4 Kh8 38. Bf1 f4 39. Nc2 e3 40. fxe3 fxe3 41. N2d4 Qf6 42. Qe2 Bd3 43. Qf3 Qxf3 44. Nxf3 e2 45. Bxe2 Bxe2 46. Nfd4 Bd3 47. d6 Be4 48. Ne7 Ra8 49. Rb2 Ra1+ 50. Kf2 Nd3+ 51.
Ke3 Nxb2 52. Kxe4 Nc4 53. Kd5 Ncb6+ 54. Ke6 Re1+ 55. Kf7 Rf1+ 56. Ke6 Rf6# 0-1

[Event "*** SCC Grand Prix: Titled Tuesday Blitz"]
[Site "Chess.com"]
[Date "2020.08.04"]
[Round "9"]
[White "VladaSviridova"]
[Black "xberli"]
[Result "1-0"]
[WhiteElo "2201"]
[BlackElo "2317"]
[TimeControl "180+1"]
[EndTime "15:28:03 PDT"]
[Termination "VladaSviridova won by resignation"]

1. d4 Nf6 2. c4 g6 3. Nc3 d5 4. cxd5 Nxd5 5. e4 Nxc3 6. bxc3 Bg7 7. Bc4 c5 8. Ne2 O-O 9. O-O Nc6 10. Be3 Bd7 11.
Rb1 Qc7 12. Qd2 a6 13. Bd3 b5 14. Bh6 Rfd8 15. Bxg7 Kxg7 16. Qe3 Rac8 17. h4 h5 18. Rfd1 Qa5 19. Rb2 Be8 20. e5 Qa3 21. Rdd2 cxd4 22.
cxd4 Na5 23. Rdc2 Bc6 24. Kh2 Bd5 25. Nf4 Bc4 26. Bxc4 Qxe3 27. fxe3 Nxc4 28. Rb3 Nb6 29. Rxc8 Rxc8 30. Kg3 Rc2 31. a3 e6 32. Nd3 Nc4 33. Nc5 Re2 34. Nxa6 Rxe3+ 35. Rxe3 Nxe3 36. Nc7 Nf5+ 37. Kf4 Nxd4 38. Ke4 Nc2 39. Nxb5 f5+ 40. exf6+ Kxf6 41. a4 Nb4 42. a5 Na6 43. Nd6 e5 44. Nc4 Nc5+ 45. Kd5 Na6 46. Nxe5 Nc7+ 47. Ke4 Na6 48. Nc6 g5 49. g3 gxh4 50. gxh4 Kg6 51. Ke5 Nc5 52.
Kd5 Na6 53. Kc4 Kf5 54. Kb5 Nc7+ 55. Kb6 Nd5+ 56. Kb7 1-0

[Event "*** SCC Grand Prix: Titled Tuesday Blitz"]
[Site "Chess.com"]
[Date "2020.08.04"]
[Round "9"]
[White "Cambek64"]
[Black "Steven_Rojas"]
[Result "0-1"]
[WhiteElo "2363"]
[BlackElo "2446"]
[TimeControl "180+1"]
[EndTime "15:28:05 PDT"]
[Termination "Steven_Rojas won on time"]

1. b3 e5 2. Bb2 Nc6 3. e3 g6 4. Bb5 Bg7 5. Nf3 Nge7 6. Na3 O-O 7. O-O d6 8. d4 exd4 9. Nxd4 Nxd4 10. Bxd4 c6 11.
Bxg7 Kxg7 12. Qd4+ f6 13. Bd3 d5 14. c4 Bf5 15. Rfd1 dxc4 16. Qxc4 Bxd3 17. Rxd3 Qc7 18. Nb5 Qe5 19. Nd4 Nd5 20. Rad1 Rfe8 21. Nf3 Qe7 22. h3 Rad8 23. Rd4 Nb6 24. Qd3 Rxd4 25. Qxd4 Kf7 26. Qh4 Kg7 27. Qd4 Nc8 28. g3 b6 29. b4 Qc7 30. Rc1 Ne7 31. Qc4 Rc8 32. Nd4 Qe5 33. Ne6+ Kh8 34. Nf4 Nf5 35. Rd1 Qe7 36. a3 Ng7 37.
Qd3 Kg8 38. h4 Kf7 39. Qc4+ Kf8 40. Rd4 c5 41. Nd5 Qf7 42. Rf4 Nf5 43. e4 Nd6 44.
Qb3 Ne8 0-1

[Event "*** SCC Grand Prix: Titled Tuesday Blitz"]
[Site "Chess.com"]
[Date "2020.08.04"]
[Round "9"]
[White "davigator"]
[Black "Lenyas66"]
[Result "1/2-1/2"]
[WhiteElo "2281"]
[BlackElo "2481"]
[TimeControl "180+1"]
[EndTime "15:28:05 PDT"]
[Termination "Game drawn by repetition"]

1. e4 c5 2. Nf3 e6 3. d4 cxd4 4.
Nxd4 Nc6 5. Nc3 a6 6. Be3 Nge7 7.
Nb3 d5 8. exd5 Nxd5 9. Nxd5 exd5 10. Be2 Be7 11. O-O O-O 12. c3 Bf5 13. Bf3 Be4 14. Be2 Ne5 15. Nd2 Bg6 16. f4 Nd3 17. b3 Be4 18.
Nf3 Nc5 19. Bd4 Ne6 20. Be3 Qc7 21. Qd2 Bf6 22. Nd4 Rac8 23. Rac1 Rfe8 24. Bg4 Rcd8 25. Nf3 Nc5 26. Ne5 Bxe5 27. fxe5 Nd3 28. Rcd1 Nxe5 29.
Be2 Nc6 30. Bf3 h6 31. Rf2 Ne5 32. Be2 Qc6 33. Bd4 Qg6 34. Rdf1 Rd7 35. Qf4 Nd3 36. Bxd3 Bxd3 37. Rd1 Rde7 38. h3 Re2 39. Rd2 Re1+ 40. Kh2 Be4 41. Rde2 Rxe2 42. Rxe2 Qg5 43. Qc7 b5 44.
Rf2 Bg6 45. Qd6 Re6 46. Qb8+ Kh7 47. Qf8 f6 48. Qc8 Re1 49. Qc7 Qc1 50. Bxf6 Rh1+ 51. Kg3 Qe3+ 52. Rf3 Qe1+ 53. Rf2 Qe3+ 54. Rf3 Qe1+ 55. Kg4 Qe4+ 56. Kg3 Qe1+ 1/2-1/2

[Event "*** SCC Grand Prix: Titled Tuesday Blitz"]
[Site "Chess.com"]
[Date "2020.08.04"]
[Round "9"]
[White "SantoBlue"]
[Black "AvitalBor"]
[Result "0-1"]
[WhiteElo "2910"]
[BlackElo "2786"]
[TimeControl "180+1"]
[EndTime "15:28:08 PDT"]
[Termination "AvitalBor won by checkmate"]

1. e4 e5 2. Nf3 Nc6 3. Bc4 Bc5 4. c3 Nf6 5. d4 exd4 6. e5 d5 7. Bb5 Ne4 8. cxd4 Bb6 9. Nc3 O-O 10.
Be3 f6 11. Qb3 Nxc3 12. bxc3 Bg4 13. Bxc6 bxc6 14. exf6 Qxf6 15. Ne5 Bh5 16. O-O Rad8 17. a4 a5 18. h3 Kh8 19. Qc2 Rd6 20. f4 Bg6 21.
Qd2 Be4 22. f5 c5 23. dxc5 Qxe5 24. cxd6 Bxg2 25. Qxg2 Bxe3+ 26. Kh1 Qxd6 27. Rae1 d4 28. cxd4 Bxd4 29. Re6 Qa3 30. Rfe1 Qxa4 31. Qe4 Qb3 32. Qxd4 Qxh3+ 33. Kg1 Qg3+ 34. Kf1 Rxf5+ 35. Ke2 h6 36. Qd8+ Kh7 37. Qd3 Qg4+ 38. Kd2 Qb4+ 39. Kd1 Qa4+ 40.
Qc2 Qa1+ 41. Kd2 Qd4+ 42. Qd3 Qb2+ 43. Kd1 Qa1+ 44. Kc2 Qa2+ 45. Kc1 Qa1+ 46. Qb1 Qc3+ 47. Qc2 Qa1+ 48. Kd2 Qd4+ 49. Ke2 Qg4+ 50. Kd3 g6 51. Kc3 Rc5+ 52. Kb3 Qb4+ 53. Ka2 Rxc2+ 54. Ka1 Qb2# 0-1

[Event "*** SCC Grand Prix: Titled Tuesday Blitz"]
[Site "Chess.com"]
[Date "2020.08.04"]
[Round "9"]
[White "Guenplen"]
[Black "penguingm1"]
[Result "0-1"]
[WhiteElo "2843"]
[BlackElo "2953"]
[TimeControl "180+1"]
[EndTime "15:28:11 PDT"]
[Termination "penguingm1 won by resignation"]

1. d4 d5 2. Bf4 Nf6 3. e3 e6 4.
Nd2 Bd6 5. Ngf3 c5 6. Bb5+ Nc6 7. c3 Bxf4 8. exf4 Qb6 9. Qb3 O-O 10. dxc5 Qxc5 11.
Bd3 b6 12. O-O Bb7 13. Qd1 Qd6 14. g3 Rad8 15. Nb3 d4 16. Nbxd4 Nxd4 17. Nxd4 Qd5 18. f3 Rd7 19. Qe2 Rfd8 20. Rad1 Qxa2 21. Rd2 Qa5 22. Rfd1 Qc5 23. Kg2 h6 24. Bb1 Rd6 25. Qe5 Rd5 26. Qe2 Qc7 27. Kf2 a6 28. Ba2 R5d6 29. Qc4 Qd7 30. Qe2 Qc7 31. Qc4 Qe7 32. Qe2 Qd7 33. Bb1 b5 34. Nb3 Rxd2 35. Rxd2 Bd5 36.
Nc5 Qc6 37. b4 a5 38. Bd3 axb4 39. cxb4 Qb6 40. Qe3 Bc6 41. Be2 Nd5 42. Qd4 Ra8 43. g4 Qa7 44. f5 exf5 45. gxf5 Qa3 46. Rb2 Nc3 47. Ne4 Qxb2 48. Qxc3 Qxc3 49. Nxc3 Ra3 50. Nxb5 Bxb5 51. Bxb5 Rb3 52. Bc6 Rxb4 53. Be4 Kf8 54. Ke3 Ke7 55. Kf4 Kd6 56. h4 f6 57. Kg3 Ke5 58.
Bd3 Kd4 59. Be4 Ke3 60. Bd5 Rf4 61. Be4 h5 62. Bc2 Rxf3+ 0-1

[Event "*** SCC Grand Prix: Titled Tuesday Blitz"]
[Site "Chess.com"]
[Date "2020.08.04"]
[Round "9"]
[White "Goryachkina"]
[Black "1f3_2g41-0"]
[Result "1-0"]
[WhiteElo "2576"]
[BlackElo "2425"]
[TimeControl "180+1"]
[EndTime "15:28:11 PDT"]
[Termination "Goryachkina won by resignation"]

1. e4 c5 2. Nf3 d6 3. c3 Nf6 4.
Be2 Nc6 5. d4 cxd4 6. cxd4 Nxe4 7. d5 Qa5+ 8. Nc3 Ne5 9. Nxe5 dxe5 10. O-O Nxc3 11. bxc3 g6 12. Rb1 Bg7 13. Bb5+ Kf8 14. c4 h5 15. Bd2 Qc7 16. Qb3 Kg8 17. Be3 b6 18. Bc6 Rb8 19. c5 Ba6 20. cxb6 axb6 21. Bxb6 Qd6 22. Rfc1 Kh7 23. a4 Bh6 24. Rd1 Be2 25.
Re1 Ba6 26. Qb2 f6 27. a5 Bc4 28. Red1 Rhc8 29. Qb4 Be2 30. Qxd6 exd6 31. Re1 Bd3 32. Rb2 e4 33. f3 f5 34. Kf2 Bg7 35. Rb3 Bc4 36.
Ra3 Bb2 37. Ra4 Bd3 38. Bd4 Bxd4+ 39. Rxd4 Rb2+ 40. Kg3 h4+ 41. Kxh4 Rxg2 42. fxe4 fxe4 43. a6 Rxh2+ 44. Kg3 Ra2 45. Bb7 Rcc2 46. Rdxe4 Rg2+ 47. Kh3 Rh2+ 48. Kg3 Rag2+ 49. Kf3 Rf2+ 50. Kg3 Bxe4 51. Rxe4 Rhg2+ 52. Kh3 Rh2+ 53. Kg3 Ra2 54. a7 Rhg2+ 55.
Kh3 Rxa7 56. Re7+ Kh6 57. Kxg2 Kg5 58. Rd7 Kf5 59. Bc6 Ke5 60. Rxa7 1-0

[Event "*** SCC Grand Prix: Titled Tuesday Blitz"]
[Site "Chess.com"]
[Date "2020.08.04"]
[Round "9"]
[White "BJthechessgod"]
[Black "Vladislav_Chizhikov"]
[Result "1/2-1/2"]
[WhiteElo "2272"]
[BlackElo "2439"]
[TimeControl "180+1"]
[EndTime "15:28:16 PDT"]
[Termination "Game drawn - insufficient material"]

1. e4 e6 2. d4 d5 3. Nc3 Bb4 4. e5 Ne7 5. a3 Bxc3+ 6. bxc3 c5 7. Nf3 Qc7 8. a4 b6 9. Be2 Ba6 10. O-O Bxe2 11. Qxe2 O-O 12. Ba3 h5 13. Qb5 Nd7 14.
a5 Nf5 15. axb6 axb6 16. Bb2 Rfc8 17. Rxa8 Rxa8 18. Ra1 Ra7 19. Rxa7 Qxa7 20. h3 h4 21. Kh2 Nf8 22. c4 dxc4 23. Qxc4 cxd4 24. Nxd4 Nxd4 25. Bxd4 Qb8 26. Qb5 Qc8 27. c4 Nd7 28. Bxb6 Qb7 29. c5 Qd5 30. Qe2 Nxe5 31. Bc7 Nc6 32. Bd6 g6 33. Qa6 Kg7 34. Qc8 Kf6 35. Qh8+ Kf5 36. Qxh4 Qd4 37. g4+ Ke4 38. Qg3 Kd5 39. Qf3+ Qe4 40.
Qxe4+ Kxe4 41. Kg2 Nd4 42. Kg3 f5 43. gxf5 exf5 44. h4 Nc6 45. f3+ Ke3 46. Bf4+ Kd4 47.
Bd6 Ke3 48. Kg2 f4 49. Bc7 Nd4 50. Be5 Nc6 51. Bd6 Kd4 52. Bxf4 Kxc5 53. Kg3 Kd5 54. Kg4 Ke6 55. Kg5 Kf7 56. Bg3 Nd4 57. f4 Nf3+ 58.
Kg4 Nd4 59. Kg5 Ne6+ 60. Kh6 Kf6 61. h5 gxh5 62. Kxh5 Kf5 63. Kh4 Nd4 64. Kh3 Ne2 65. Kg2 Kg4 66. Bh2 Nxf4+ 1/2-1/2

[Event "*** SCC Grand Prix: Titled Tuesday Blitz"]
[Site "Chess.com"]
[Date "2020.08.04"]
[Round "9"]
[White "LyonBeast"]
[Black "Alexander_Moskalenko"]
[Result "1/2-1/2"]
[WhiteElo "3033"]
[BlackElo "2846"]
[TimeControl "180+1"]
[EndTime "15:28:22 PDT"]
[Termination "Game drawn - insufficient material"]

1. d4 Nf6 2. c4 e6 3. Nf3 d5 4. g3 dxc4 5. Bg2 Bd7 6. Ne5 Bc6 7.
Nxc6 Nxc6 8. Bxc6+ bxc6 9. O-O c5 10. Be3 Nd5 11. Qa4+ Qd7 12. Qxc4 Nxe3 13. fxe3 cxd4 14.
exd4 Be7 15. Nc3 O-O 16. Rad1 c6 17. e3 Rab8 18. b3 Rb4 19. Qe2 a5 20. Na4 e5 21.
dxe5 Qe6 22. Nb2 Rb5 23. Nc4 a4 24. bxa4 Rb4 25. Rc1 Rxa4 26. Rc2 g6 27. Rd1 Rfa8 28. Rd4 Bc5 29. Rf4 Rb8 30. Kg2 Be7 31. Qf3 c5 32. h4 Rbb4 33. Qe4 g5 34. hxg5 Bxg5 35. Rg4 h6 36. Kh2 Kg7 37. Kg2 Kf8 38. Kh2 Kg7 39. Kg2 Kf8 40. Kh2 Qa6 41. a3 Rxa3 42. Qh7 Ra2 43. Nd6 Rxc2+ 44. Qxc2 Rxg4 45. Qf5 Qe2+ 46. Kh3 Rxg3+ 47. Kxg3 Qxe3+ 48. Kg2 Qf4 49. Qc8+ Kg7 50. Qxc5 Qg4+ 51. Kf2 Be7 52. Qc3 Bh4+ 53. Kf1 Qf4+ 54. Kg2 Kh7 55. Qd3+ Kh8 56. Qf5 Qxf5 57. Nxf5 Bg5 58. Kf3 Kh7 59. Nd4 Kg6 60. e6 fxe6 61. Nxe6 Kf5 62. Nd4+ Kg6 63. Ne2 h5 64. Ng3 h4 65.
Ne4 h3 66. Nf2 Bf4 67. Nxh3 1/2-1/2

[Event "*** SCC Grand Prix: Titled Tuesday Blitz"]
[Site "Chess.com"]
[Date "2020.08.04"]
[Round "9"]
[White "Donskov_AN"]
[Black "kosya4ok"]
[Result "0-1"]
[WhiteElo "2481"]
[BlackElo "2719"]
[TimeControl "180+1"]
[EndTime "15:28:32 PDT"]
[Termination "kosya4ok won on time"]

1. e4 e5 2. Nf3 Nc6 3. Nc3 Nf6 4.
d4 exd4 5. Nxd4 Bb4 6. Nxc6 bxc6 7. Bd3 d5 8. exd5 O-O 9. O-O Bg4 10. f3 Bh5 11.
dxc6 Qd4+ 12. Kh1 Bxc3 13. bxc3 Qxc3 14. Bg5 Bg6 15. Bxf6 gxf6 16. f4 Bxd3 17. cxd3 Rfd8 18. Qh5 Qxd3 19. f5 Rd4 20. h3 Re8 21. Qh6 Qg3 22.
Rf3 Qg5 23. Qxg5+ fxg5 24. Rb1 h5 25. f6 Rd5 26. Kh2 h4 27. Rfb3 Re6 28. Rb5 Rxb5 29. Rxb5 Rxf6 30. Rxg5+ Kf8 31. Rg4 Rxc6 32. Rxh4 Rc2 33.
Ra4 c5 34. Rxa7 c4 35. Rc7 Ke8 36. a4 Kd8 37. Rc5 Kd7 38. a5 Kd6 39. Rc8 Kd7 40. Rc5 Kd6 41. Rc8 Kd7 42. Rf8 Ke7 43. Rb8 Ra2 44. Rc8 Ra4 45. a6 Kd7 46. Rc5 Kd6 47. Rc8 Kd5 48. Rc7 Rxa6 49. Rxf7 c3 50. Rf1 Rc6 51. h4 Ke4 52. Kh3 Ke3 53. g4 c2 54.
Rc1 Kd2 55. Ra1 c1=Q 56. Rxc1 Rxc1 57. g5 Ke3 58. Kg4 Ke4 59. h5 Rg1+ 60. Kh4 Kf5 61. g6 Rh1+ 62. Kg3 Rxh5 63. g7 Rg5+ 0-1

[Event "*** SCC Grand Prix: Titled Tuesday Blitz"]
[Site "Chess.com"]
[Date "2020.08.04"]
[Round "9"]
[White "Zubrrr"]
[Black "tlomigtlis"]
[Result "1/2-1/2"]
[WhiteElo "2637"]
[BlackElo "2435"]
[TimeControl "180+1"]
[EndTime "15:28:34 PDT"]
[Termination "Game drawn by stalemate"]

1. c4 Nf6 2. g3 e5 3. Bg2 d5 4. cxd5 Nxd5 5. Nc3 Nb6 6. Nf3 Nc6 7. O-O Be7 8. a3 a5 9. d3 O-O 10. Be3 Be6 11. Na4 Nd5 12. Bc5 b5 13. Bxe7 Qxe7 14.
Rc1 Nd4 15. Nc5 Nxf3+ 16. Bxf3 Rfd8 17. Nxe6 Qxe6 18. Rc5 c6 19. Qc2 Ra6 20. Rc1 Ne7 21. Bxc6 Nxc6 22. Rxc6 Rxc6 23. Qxc6 Qxc6 24. Rxc6 Rb8 25.
b4 axb4 26. axb4 f6 27. Rc7 h6 28. f4 exf4 29. gxf4 Kh7 30. f5 h5 31. h4 Kh6 32.
Kf2 Ra8 33. Rb7 Ra1 34. Rxb5 Rh1 35. Kg3 Rg1+ 36. Kh2 Re1 37. e4 Re2+ 38. Kg1 Re1+ 39. Kf2 Rh1 40. Rc5 Rxh4 41. Kg2 Rg4+ 42. Kh2 Rh4+ 43.
Kg2 Rg4+ 44. Kf2 Rh4 45. b5 Rh2+ 46. Kg3 Rb2 47. d4 Kg5 48. d5 Rb3+ 49. Kg2 Kg4 50. d6 Rb2+ 51. Kf1 Kf3 52. Ke1 Ke3 53. Kd1 Rd2+ 54.
Kc1 Rxd6 55. e5 fxe5 56. Rxe5+ Kf4 57. Re7 Kxf5 58. Rxg7 Rb6 59. Rh7 Kg6 60. Rh8 Rxb5 61.
Kd2 Re5 62. Rf8 Kg5 63. Rf1 h4 64. Re1 Rf5 65. Ke2 Re5+ 66. Kf2 Rxe1 67. Kxe1 Kf4 68.
Kf1 Kg4 69. Kg1 h3 70. Kh1 Kh4 71. Kg1 Kg4 72. Kh1 Kg3 73. Kg1 h2+ 74. Kh1 Kh3 1/2-1/2

[Event "*** SCC Grand Prix: Titled Tuesday Blitz"]
[Site "Chess.com"]
[Date "2020.08.04"]
[Round "9"]
[White "Parhamov"]
[Black "TigrVShlyape"]
[Result "1-0"]
[WhiteElo "3037"]
[BlackElo "2871"]
[TimeControl "180+1"]
[EndTime "15:28:35 PDT"]
[Termination "Parhamov won on time"]

1. e4 e5 2. Nf3 Nc6 3. Bc4 Nf6 4. d3 h6 5. c3 d6 6. a4 a5 7.
Nbd2 g6 8. O-O Bg7 9. Re1 O-O 10. Nf1 Re8 11. Ne3 Be6 12. Qb3 Bxc4 13. Qxc4 Qd7 14. Bd2 Kh7 15. Qb5 Qc8 16. Rad1 Nd8 17. Qb3 Ne6 18. Nc4 Nc5 19. Qc2 Qd7 20. b3 Qc6 21.
d4 Ncd7 22. d5 Qa6 23. Na3 c6 24. c4 Nc5 25. Bc3 Red8 26. Nd2 Qb6 27. h3 h5 28. Rb1 Bh6 29. Nf3 Rf8 30. Bd2 Bxd2 31. Nxd2 Kg7 32. Qc3 Nfd7 33. Nc2 Qc7 34. f4 f6 35. f5 g5 36. Qf3 Rh8 37. Nf1 Nb8 38. Ng3 h4 39. Nh5+ Kf7 40. Ne3 Nbd7 41. g4 Rh7 42. Kg2 Nb6 43. Red1 Rhh8 44. Rd2 Rhd8 45.
Kf2 cxd5 46. cxd5 Qe7 47. Qh1 Rdc8 48. Kf3 Ncd7 49. Rc1 Rxc1 50. Qxc1 Rc8 51. Rc2 Qd8 52. Rxc8 Qxc8 53. Qxc8 Nxc8 54. Nc4 b6 55. Ke3 Nc5 56.
Nd2 Na7 57. Nc4 Nc8 58. Nd2 Na7 59. Ke2 b5 60. Ke3 bxa4 61. bxa4 Nxa4 62. Nc4 Nb5 63. Nxa5 Nc5 64. Nc4 Nb3 65. Nb6 Nc5 66. Nc4 Nb3 67. Ke2 Nc5 68. Kf3 Nd7 69. Ke3 Nc5 70. Nb6 Nb3 71.
Nd7 Na5 72. Ndxf6 Nc4+ 73. Kd3 Nb2+ 74. Kc2 Nc4 75. Nh7 Ne3+ 76. Kd3 1-0

[Event "*** SCC Grand Prix: Titled Tuesday Blitz"]
[Site "Chess.com"]
[Date "2020.08.04"]
[Round "9"]
[White "Mazetovic"]
[Black "chenxiaoyuer"]
[Result "1-0"]
[WhiteElo "2710"]
[BlackElo "2461"]
[TimeControl "180+1"]
[EndTime "15:28:42 PDT"]
[Termination "Mazetovic won by checkmate"]

1. e4 c5 2. Nc3 d6 3. f4 g6 4. Nf3 Bg7 5. Bb5+ Bd7 6. Bc4 e6 7. d3 Ne7 8. O-O O-O 9. f5 gxf5 10. Qe1 fxe4 11. dxe4 Ng6 12. Bg5 f6 13. Be3 Qe7 14. Rd1 a6 15. a4 Nc6 16. Ba2 Nce5 17. Qd2 Nf7 18. Bxc5 dxc5 19. Qxd7 Rfe8 20. a5 Rad8 21. Qxe7 Rxe7 22. Na4 Rc8 23. Nb6 Rc6 24. Rd2 Bh6 25. Rd3 Nf4 26. Rdd1 Ne2+ 27. Kf2 Nd4 28. c3 Nc2 29.
Rd3 Ne5 30. Nxe5 fxe5 31. Ke2 Rf7 32. Rxf7 Kxf7 33. Rd7+ Kf6 34. Rxh7 Bg7 35. Nc4 Kg6 36. Rh3 Rc7 37. Bb1 Na1 38. Rg3+ Kh7 39. Ba2 Rd7 40. Rd3 Rf7 41. Rd2 Bh6 42. Nxe5 Bxd2 43. Nxf7 Bc1 44. b4 cxb4 45. cxb4 Ba3 46. Bxe6 Bxb4 47. Bd5 Bxa5 48.
Bxb7 Bc7 49. g3 Kg7 50. Ng5 a5 51. Ne6+ Kf6 52. Nxc7 Ke5 53. Bd5 Nc2 54. Nb5 a4 55. Nc3 Nb4 56. h4 a3 57. Na2 Nxd5 58. exd5 Kxd5 59.
h5 Kc4 60. h6 Kb3 61. h7 Kxa2 62. h8=Q Kb1 63. Qb8+ Ka1 64. Qa7 a2 65. g4 Kb1 66.
g5 Ka1 67. Qxa2+ Kxa2 68. g6 Kb2 69. g7 Ka1 70. g8=Q Kb1 71. Qb3+ Ka1 72. Qd3 Kb2 73. Kd2 Ka1 74. Qb5 Ka2 75. Kc2 Ka1 76. Qb2# 1-0

[Event "*** SCC Grand Prix: Titled Tuesday Blitz"]
[Site "Chess.com"]
[Date "2020.08.04"]
[Round "9"]
[White "ace_mar"]
[Black "ketster"]
[Result "1/2-1/2"]
[WhiteElo "2454"]
[BlackElo "2388"]
[TimeControl "180+1"]
[EndTime "15:28:42 PDT"]
[Termination "Game drawn by repetition"]

1. d4 Nf6 2. c4 e6 3. g3 Bb4+ 4. Bd2 c5 5. Bxb4 cxb4 6. Bg2 O-O 7. Nf3 a5 8. O-O d6 9. a3 Na6 10. Qc2 Qb6 11. Nbd2 Bd7 12. e4 h6 13. Rfe1 Rac8 14. Qd3 Rfd8 15. e5 dxe5 16. Nxe5 Be8 17. Ndf3 Nc5 18.
Qe3 Na4 19. b3 Nc3 20. c5 Qc7 21. Nc4 Nfd5 22. Qe5 Qxe5 23. Nfxe5 a4 24. bxa4 b3 25.
Nd3 Bxa4 26. Ndb2 Bc6 27. Nd2 Nf6 28. Nxb3 Nb5 29. Red1 Bd5 30. Bxd5 Rxd5 31. Nc4 Rcd8 32. Nb6 Rf5 33. a4 Nc3 34. Rd3 Ncd5 35. a5 Nb4 36. Rd2 Nfd5 37. Re2 Nc3 38. Re3 Nb5 39. Rd1 Nc2 40.
Red3 Nb4 41. R3d2 Nc3 42. Re1 Nb5 43. Kg2 Kf8 44. f3 h5 45. g4 hxg4 46. fxg4 Rf4 47. Kg3 g5 48. Red1 Nc3 49. Re1 Ne4+ 50. Rxe4 Rxe4 51. Kf3 Rf4+ 52. Kg3 Nc6 53. d5 exd5 54.
Nxd5 Ra4 55. Kf3 Nb4 56. Nxb4 Rxd2 57. Nxd2 Rxb4 58. Ne4 Ra4 59. Nxg5 Rxa5 60. Ne4 Ra3+ 61. Kf4 Kg7 62. h4 Ra1 63. h5 Rf1+ 64. Ke5 Rg1 65. g5 Rh1 66. Nf6 Rg1 67. Ne4 Rh1 68. Kf5 Rf1+ 69.
Ke5 Rh1 1/2-1/2

[Event "*** SCC Grand Prix: Titled Tuesday Blitz"]
[Site "Chess.com"]
[Date "2020.08.04"]
[Round "9"]
[White "XDPS"]
[Black "rasmussvane"]
[Result "0-1"]
[WhiteElo "2696"]
[BlackElo "2875"]
[TimeControl "180+1"]
[EndTime "15:28:44 PDT"]
[Termination "rasmussvane won on time"]

1. e4 c6 2. Nf3 d5 3. Nc3 dxe4 4. Nxe4 Nf6 5. Qe2 Nxe4 6. Qxe4 Qa5 7. Bc4 Bf5 8. Qf4 e6 9. O-O Qd8 10. d3 Bd6 11. Qe3 O-O 12. Re1 Nd7 13. a3 Re8 14.
Bd2 h6 15. h3 Bh7 16. Bc3 Nb6 17. Rad1 Nd5 18. Bxd5 cxd5 19. Bb4 Bc7 20. Qe2 Rc8 21. Bc3 f6 22. Bd2 e5 23. c4 Qd7 24. Bc3 Bb6 25.
b4 a6 26. Qa2 Bg6 27. Nh2 Bf7 28. Qe2 Qf5 29. c5 Bc7 30. Bd2 d4 31. f3 Bb3 32. Rc1 Ba4 33. Ng4 Bb5 34. Nf2 Qg6 35. Ra1 f5 36. a4 Bc6 37. Reb1 e4 38. fxe4 fxe4 39. dxe4 Bxe4 40. Nxe4 Rxe4 41. Qc4+ Kh8 42. Rb3 Rce8 43. Rf1 Re2 44. Rf8+ Rxf8 45. Qxe2 Qc2 46.
Rf3 Rxf3 47. Qxf3 Be5 48. g4 Bf6 49. Qf2 Qxa4 50. Qe2 Qc2 51. Qe8+ Kh7 52. Qe2 Qg6 53. Kg2 Qf7 54. Qe4+ Kh8 55. Qf5 Kg8 56. Qe4 Qd7 57. Qf5 Qc6+ 58. Qf3 Qe6 59. Qd3 Qd5+ 60. Qf3 Qe6 61.
Qd3 Kf7 62. Qf3 Qd7 63. Qd3 Qc6+ 64. Qf3 Ke6 65. Kf2 Qxf3+ 66. Kxf3 Kd5 67. Ke2 Kc4 68.
Be1 d3+ 69. Ke3 Bc3 70. Bd2 Bxd2+ 71. Kxd2 Kxb4 0-1

[Event "*** SCC Grand Prix: Titled Tuesday Blitz"]
[Site "Chess.com"]
[Date "2020.08.04"]
[Round "9"]
[White "Fh2411"]
[Black "ElGasanov"]
[Result "0-1"]
[WhiteElo "2552"]
[BlackElo "2777"]
[TimeControl "180+1"]
[EndTime "15:28:53 PDT"]
[Termination "ElGasanov won by checkmate"]

1. d4 d6 2. Nf3 g6 3. Bf4 Bg7 4. e3 Nd7 5. h3 e5 6. Bh2 Qe7 7. Be2 Ngf6 8. c4 Ne4 9. Qc2 f5 10. Nc3 Nxc3 11. Qxc3 O-O 12. Qc2 b6 13. O-O Bb7 14. d5 a5 15. Nd2 Rae8 16. Rab1 Bc8 17. f3 Bh6 18. Qc3 Qg5 19. Kf2 Nc5 20. Rfe1 Bd7 21.
Nf1 Bg7 22. Qc2 Qh4+ 23. Kg1 e4 24. f4 g5 25. fxg5 Be5 26. b3 Qxg5 27. Bxe5 dxe5 28.
Kh1 f4 29. Nh2 Qg3 30. Bg4 Nd3 31. Rf1 Bxg4 32. Nxg4 fxe3 33. Qe2 Nf4 34. Rxf4 exf4 35. Rg1 f3 36. Qxe3 fxg2+ 37. Rxg2 Rf1+ 38. Rg1 Rxg1+ 39. Qxg1 Qxh3+ 40. Nh2+ Kh8 41. Qd4+ Kg8 42. Qg1+ Kf8 43. Qg5 Qd7 44. Qf6+ Qf7 45. Qh6+ Qg7 46. Qf4+ Kg8 47. Ng4 Rf8 48. Qxe4 Qg6 49. Qxg6+ hxg6 50. Ne5 Rf2 51. Nc6 Rxa2 52. Ne7+ Kf7 53. Nc6 Rb2 54. Nd4 Kf6 55. Kg1 Ke5 56. Nb5 Rxb3 57. Nxc7 a4 58. Ne8 Rb1+ 59. Kf2 a3 60. d6 Ke6 61. d7 Kxd7 62. Nf6+ Kc6 63. Nd5 Rb2+ 64. Ke3 a2 65. Ne7+ Kc5 66.
Nc8 Rb3+ 67. Ke4 a1=Q 68. Ne7 Qd4# 0-1

[Event "*** SCC Grand Prix: Titled Tuesday Blitz"]
[Site "Chess.com"]
[Date "2020.08.04"]
[Round "9"]
[White "elcandado"]
[Black "eightbyeightchess"]
[Result "1/2-1/2"]
[WhiteElo "2586"]
[BlackElo "2438"]
[TimeControl "180+1"]
[EndTime "15:28:55 PDT"]
[Termination "Game drawn - insufficient material"]

1. d4 d5 2. Bf4 Nf6 3. e3 c5 4. c3 Nc6 5. Nd2 Bf5 6. Ngf3 Qb6 7. Nh4 Bg4 8. Qb3 c4 9. Qc2 Bh5 10. h3 e6 11. g4 Bg6 12. Nxg6 hxg6 13. Bg2 Qd8 14. e4 dxe4 15. Nxe4 Nxe4 16. Qxe4 Bd6 17. Bg3 Bxg3 18. fxg3 O-O 19. O-O Qb6 20. Rf2 Rad8 21. Raf1 Rd7 22. h4 Ne7 23. Kh2 Qd6 24. Qf4 b5 25. Qg5 b4 26. h5 f6 27. Qc5 Qxc5 28. dxc5 bxc3 29. bxc3 gxh5 30. gxh5 Rd3 31. Rb1 Rxc3 32.
Rb7 Nd5 33. Bxd5 exd5 34. Re2 Kh7 35. c6 Rc8 36. Ree7 Rxc6 37. Rxg7+ Kh6 38. g4 f5 39. gxf5 Kxh5 40. Rg2 d4 41. Rh7+ Rh6 42. Rhg7 Rf6 43.
R7g5+ Kh6 44. Rg8 Kh5 45. R2g5+ Kh4 46. Rg2 Rxf5 47. Rh8+ Rh5 48. Rhg8 Rh3+ 49. Kg1 Rf5 50. Rh8+ Rh5 51. Rhg8 Rf5 52. Rh8+ Rh5 53. Rd8 Rf5 54. Rxd4+ Kh5 55. Rxc4 Rh4 56. Rc8 Rf6 57. Rh8+ Rh6 58. Rhg8 Rf6 59. R8g5+ Kh6 60. Ra5 Rhf4 61. Rxa7 Rf1+ 62.
Kh2 R1f2 63. Ra3 Rxg2+ 64. Kxg2 Kg6 65. Rf3 Rb6 66. a4 Rb2+ 67. Kg3 Ra2 68. Rf4 Kg5 69. Rg4+ Kf5 70. Rb4 Ke5 71. Kf3 Kd5 72. Ke3 Kc5 73. Rf4 Kb6 74. Kd3 Ka5 75. Kc3 Rxa4 76. Rxa4+ Kxa4 1/2-1/2